 Dungeon Crawl Stone Soup version 0.28-a0-194-g42b4daccc1 (webtiles) character file.

Game seed: 9072002900464203094

51 tilp the Sneak (level 3, -4/15 HPs)
             Began as a Felid Hedge Wizard on Aug 18, 2021.
             Was an Initiate of Okawaru.
             Slain by Edmund (13 damage)
             ... on level 4 of the Dungeon.
             The game lasted 00:06:04 (4991 turns).

tilp the Sneak (Felid Hedge Wizard)                 Turns: 4991, Time: 00:06:04

Health: -4/15      AC:  1    Str:  6    XL:     3   Next: 58%
Magic:  8/8        EV: 18    Int: 16    God:    Okawaru [......]
Gold:   115        SH:  0    Dex: 15    Spells: 3/8 levels left
                                        Lives:  0   Deaths: 1

rFire   . . .      SeeInvis +     - Unarmed
rCold   . . .      Faith    .   (shield unavailable)
rNeg    . . .      Spirit   .   (armour unavailable)
rPois   .          Reflect  .   (helmet unavailable)
rElec   .          Harm     .   (cloak unavailable)
rCorr   .          Rampage  .   (gloves unavailable)
Will    ++...                   (boots unavailable)
Stlth   +++.......              (no amulet)
HPRegen 0.05/turn               f - ring of willpower
MPRegen 0.11/turn               h - ring of willpower

@: quick
A: very small, claws 1, fangs 3, see invisible, speed 1, shaggy fur 1, stealthy
paws, no weapons or thrown items, no armour, multi-lived
a: Renounce Religion


You were on level 4 of the Dungeon.
You worshipped Okawaru.
Okawaru was noncommittal.
You visited 1 branch of the dungeon, and saw 4 of its levels.

You collected 115 gold pieces.

Inventory:

Jewellery
 f - a ring of willpower (left paw)
 h - a ring of willpower (right paw)
Potions
 a - a potion of cancellation
 b - a potion of heal wounds
 d - a potion of attraction
 e - a potion of haste


   Skills:
 + Level 1.5 Fighting
 + Level 3.6 Dodging
 + Level 3.8 Stealth
 - Level 2.0 Unarmed Combat
 - Level 3.0 Spellcasting
 - Level 2.0 Conjurations
 - Level 1.0 Summonings
 - Level 1.5 Translocations


You had 3 spell levels left.
You knew the following spells:

 Your Spells              Type           Power      Damage    Failure   Level
a - Magic Dart            Conj           32%        1d4       9%          1
b - Call Imp              Summ           5%         N/A       19%         2
c - Blink                 Tloc           N/A        N/A       16%         2

Your spell library contained the following spells:

 Spells                   Type           Power      Damage    Failure   Level
 Static Discharge         Conj/Air       5%         N/A       19%         2
 Slow                     Hex            2%         N/A       28%         2
 Conjure Flame            Conj/Fire      5%         6-21      36%         3
 Mephitic Cloud           Conj/Pois/Air  4%         N/A       41%         3
 Lightning Bolt           Conj/Air       2%         1d14      98%         5
 Maxwell's Capacitive Co  Air            1%         ∞         100%        8


Dungeon Overview and Level Annotations

Branches:
Dungeon (4/15)
 Temple: D:4-7

Altars:
Okawaru

Annotations:
D:2 Sigmund
D:4 1 runed translucent door, Crazy Yiuf, Edmund


Innate Abilities, Weirdness & Mutations

You have sharp claws.
You have razor-sharp teeth.
You have supernaturally acute eyesight. (SInv)
You cover ground quickly. (Speed+)
You are covered in fur. (AC +1)
Your paws help you pounce on unaware monsters.
You are incapable of wielding weapons or throwing items.
You cannot wear armour.
You gain extra lives every three experience levels.


Message History

Casting: Magic Dart (safe; 9% risk of failure)
Confirm with . or Enter, or press ? or * to list all spells.
Aiming: Magic Dart (safe; 9% risk of failure)
Press: ? - help, Shift-Dir - straight line, f/p - hound
Aim: a hound (heavily wounded, 100% to hit)
You miscast Magic Dart.
You are very lightly contaminated with residual magic.
Nothing appears to happen.
Unknown command.
Casting: Magic Dart (safe; 9% risk of failure)
Confirm with . or Enter, or press ? or * to list all spells.
Aiming: Magic Dart (safe; 9% risk of failure)
Press: ? - help, Shift-Dir - straight line, f/p - hound
Aim: a hound (heavily wounded, 100% to hit)
The magic dart hits the hound but does no damage.
The hound is heavily wounded.
The hound bites you.
Unknown command.
The hound misses you.
There is a stone staircase leading up here.
You scratch the hound.
The hound is severely wounded.
The hound misses you.
You closely miss the hound.
The hound is severely wounded.
The hound bites you.
* * * LOW HITPOINT WARNING * * *
Your magical contamination has completely faded away.
The hound barely misses you. The hound bites you.
You stop ascending the stairs.
You die...
You are now level 3!
You rejoin the land of the living...
Unknown command.
The ogre hits you with a +0 giant club.
You scratch Edmund.
Edmund is lightly wounded.
Edmund hits you with a +3 vorpal dire flail!
Ouch! That really hurt!
You die...

#### #.##...##....###
..###.####..†.####
#..##<####..######
#..##.##...@.....#####
#...#....######.......
#.....#### #''####.
##..#h# ## ♣..♣ ##
#..O@#..# ♣..♣ #
#.#.@..# ♣..♣ #.....##
♣..♣ #..#.## ♣..♣
#...#.# ♣..♣ #.###.#
♣..♣ #. ..# # #.+ #.+


You could see Edmund, an ogre and a hound.

Vanquished Creatures
  An adder (D:3)
  2 dart slugs (D:2)
  8 ball pythons
  5 bats
  8 endoplasms
  3 giant cockroaches
  12 goblins
  7 hobgoblins
  5 kobolds
  5 quokkas
  3 frilled lizards
  2 rats
61 creatures vanquished.

Vanquished Creatures (collateral kills)
  A jelly (D:3)
  An adder (D:3)
  An orc (D:3)
3 creatures vanquished.

Grand Total: 64 creatures vanquished

Notes
Turn   | Place    | Note
-------+----------+-------------------------------------------
     0 | D:1      | tilp the Felid Hedge Wizard began the quest for the Orb.
     0 | D:1      | Reached XP level 1. HP: 7/7 MP: 5/5
    83 | D:1      | Found a faded altar of an unknown god.
   112 | D:1      | Reached skill level 1 in Conjurations
   286 | D:1      | Reached skill level 1 in Unarmed Combat
   622 | D:1      | Reached XP level 2. HP: 11/11 MP: 1/7
  1137 | D:1      | Learned a level 2 spell: Call Imp
  1140 | D:1      | Learned a level 2 spell: Blink
  1574 | D:2      | Reached XP level 3. HP: 14/14 MP: 5/8
  1778 | D:2      | Noticed Sigmund
  3318 | D:3      | Reached skill level 1 in Fighting
  3318 | D:3      | Reached XP level 4. HP: 14/19 MP: 2/9
  4109 | D:3      | Found an iron altar of Okawaru.
  4572 | D:3      | Became a worshipper of Warmaster Okawaru
  4879 | D:4      | Found a runed translucent door.
  4880 | D:4      | Noticed Crazy Yiuf
  4955 | D:4      | Noticed Edmund
  4955 | D:4      | Noticed an ogre
  4986 | D:4      | Slain by a hound
  4987 | D:4      | Reached XP level 3. HP: 0/15 MP: 7/8
  4991 | D:4      | Slain by Edmund

Illustrated notes

Levels and vault maps discovered:
D:1:      giann_bridges, layout_basic, chequers_ecumenical_altar_simple
D:2:      layout_basic, grunt_ministairs_4, kennysheep_generic_room_12,
          uniq_sigmund
D:3:      minmay_angry_zag, layout_basic, old_standard_altar
D:4:      kennysheep_big_flooded_room, layout_rooms,
          mainiacjoe_overflow_surrounded_room, uniq_edmund, uniq_duvessa,
          uniq_crazy_yiuf_cottage, uniq_grinder

Skill      XL: |  1  2  3 |
---------------+----------+-----
Conjurations   | 1 2 |  2.0
Unarmed Combat | 1 2 |  2.0
Stealth        | 3 |  3.8
Dodging        | 3 |  3.6
Fighting       | 1 |  1.5
Spellcasting   | |  3.0
Summonings     | |  1.0
Translocations | |  1.5

Action                   |  1- 3 |  4- 6 || total
-------------------------+-------+-------++-------
Melee: Unarmed           |    47 |    19 ||    66
       Bite              |     4 |       ||     4
 Cast: Magic Dart        |    88 |    25 ||   113
       Call Imp          |     3 |     3 ||     6
  Use: Scroll            |     7 |     3 ||    10
 Stab: Sleeping          |     7 |     2 ||     9
Armor: Skin              |     2 |       ||     2
Dodge: Dodged            |    27 |    17 ||    44

Table legend: (Time is in decaauts)
 A = Elapsed time spent in this place.
 B = Non-inter-level travel time spent in this place.
 C = Inter-level travel time spent in this place.
 D = Time resting spent in this place.
 E = Time spent auto-exploring this place.
 F = Levels seen in this place.
 G = Mean time per level.
                   A        B        C        D        E       F      G
               +--------+--------+--------+--------+--------+-----+--------+
         Total |   4522 |   4393 |    129 |   1641 |   2255 |   4 | 1130.5 |
       Dungeon |   4522 |   4393 |    129 |   1641 |   2255 |   4 | 1130.5 |
               +--------+--------+--------+--------+--------+-----+--------+

Top non-repeatable levels by time:
     D:3: 1710 daAuts
     D:1: 1426 daAuts
     D:2: 1198 daAuts
     D:4: 186 daAuts
